PAA
LANNISTER UNITED LIONHEARTS @ PHOENIX HOTSPUR YOUTH
08/08/2029
 
TOP OF THE 1ST
Lannister United Lionhearts batting - Pitching for Phoenix Hotspur Youth : RHP Morris Prinkey
Pitching: RHP Morris Prinkey
Batting: LHB Ashley Thachi 0-0: Called Strike
0-1: Foul Ball, location: 2F
0-2: Ball
1-2: Fly out, F9 (Flyball, 9LDF)
Now in RF: Eric Conway
Batting: LHB Ramón García 0-0: Ball
1-0: Ball
2-0: SINGLE (Line Drive, 89S)
Batting: LHB Juan Macíel 0-0: Ball
Ramón García is caught stealing 2nd base
1-0: Fly out, F5 (Flyball, 5D)
Top of the 1st over - 0 runs, 1 hit, 0 errors, 0 left on base; Lannister United 0 - Phoenix Hotspur 0
BOTTOM OF THE 1ST
Phoenix Hotspur Youth batting - Pitching for Lannister United Lionhearts : RHP Joe Pruitt
Pitching: RHP Joe Pruitt
Batting: LHB António Escalante 0-0: Ball
1-0: Ground out 1-3 (Groundball, P)
Batting: RHB James Turner 0-0: Ground out 6-3 (Groundball, 6)
Batting: RHB Solomon Norment 0-0: Ball
1-0: Ball
2-0: Called Strike
2-1: Ground out U3 (Groundball, 3)
Bottom of the 1st over - 0 runs, 0 hits, 0 errors, 0 left on base; Lannister United 0 - Phoenix Hotspur 0
TOP OF THE 2ND
Lannister United Lionhearts batting - Pitching for Phoenix Hotspur Youth : RHP Morris Prinkey
Batting: RHB Mareka Naidoo 0-0: Ball
1-0: Foul Ball, location: 2F
1-1: SINGLE (Line Drive, 6MD)
Batting: LHB Sting Ray Robb 0-0: Ball
1-0: Foul Ball, location: 2F
1-1: Called Strike
1-2: Ground out 6-3 (Groundball, 6S)
Mareka Naidoo to second
Batting: RHB Carlos Pacheco 0-0: Swinging Strike
0-1: Foul Ball, location: 2F
0-2: Ball
1-2: Ball
2-2: Fly out, F2 (Popup, 23F)
Batting: RHB Breanainn Swartwood 0-0: Called Strike
0-1: Reached on error, E6 (Groundball, 56)
Mareka Naidoo to third
Batting: RHB José García 0-0: Fly out, F9 (Flyball, 9LS)
Top of the 2nd over - 0 runs, 1 hit, 1 error, 2 left on base; Lannister United 0 - Phoenix Hotspur 0
BOTTOM OF THE 2ND
Phoenix Hotspur Youth batting - Pitching for Lannister United Lionhearts : RHP Joe Pruitt
Batting: LHB Corey Ferguson 0-0: Ball
1-0: Called Strike
1-1: Ball
2-1: SINGLE (Groundball, 6MD)
Batting: RHB Carl Tucker 0-0: Swinging Strike
0-1: Ball
Wild Pitch!
Corey Ferguson to second
1-1: Ball
2-1: Called Strike
2-2: Foul Ball, location: 2F
2-2: Ball
3-2: Strikes out looking
Batting: RHB Bernardo Rivera 0-0: Foul Ball, location: 2F
0-1: Swinging Strike
0-2: Strikes out swinging wild pitch, reaches first!
Corey Ferguson to third
Batting: RHB Germán Alfaro 0-0: Ball
1-0: Called Strike
1-1: Called Strike
1-2: Foul Ball, location: 2F
1-2: Ball
2-2: Foul Ball, location: 2F
2-2: Foul Ball, location: 2F
2-2: Foul Ball, location: 2F
2-2: Ball
3-2: Base on Balls
Bernardo Rivera to second
Batting: LHB Kenny Scott 0-0: Called Strike
0-1: Ball
1-1: Ball
2-1: Fly out, F7 (Flyball, 7D)
Runner from 3rd tags up, SCORES, throw made
Batting: RHB Eric Conway 0-0: Fly out, F9 (Flyball, 9LM)
Bottom of the 2nd over - 1 run, 1 hit, 0 errors, 2 left on base; Lannister United 0 - Phoenix Hotspur 1
TOP OF THE 3RD
Lannister United Lionhearts batting - Pitching for Phoenix Hotspur Youth : RHP Morris Prinkey
Batting: RHB Howard Barton 0-0: Called Strike
0-1: Ball
1-1: Ball
2-1: Foul Ball, location: 2F
2-2: Ball
3-2: Ground out 5-3 (Groundball, 56)
Batting: LHB Ashley Thachi 0-0: Called Strike
0-1: Ball
1-1: Swinging Strike
1-2: Strikes out swinging
Batting: LHB Ramón García 0-0: Called Strike
0-1: Ground out 4-3 (Groundball, 4)
Top of the 3rd over - 0 runs, 0 hits, 0 errors, 0 left on base; Lannister United 0 - Phoenix Hotspur 1
BOTTOM OF THE 3RD
Phoenix Hotspur Youth batting - Pitching for Lannister United Lionhearts : RHP Joe Pruitt
Batting: LHB António Escalante 0-0: Fly out, F7 (Flyball, 78S)
Batting: RHB James Turner 0-0: Bunt for hit - play at first, batter OUT! 2-3
Batting: RHB Solomon Norment 0-0: Called Strike
0-1: Fly out, F9 (Flyball, 89M)
Bottom of the 3rd over - 0 runs, 0 hits, 0 errors, 0 left on base; Lannister United 0 - Phoenix Hotspur 1
TOP OF THE 4TH
Lannister United Lionhearts batting - Pitching for Phoenix Hotspur Youth : RHP Morris Prinkey
Batting: LHB Juan Macíel 0-0: Swinging Strike
0-1: Fly out, F9 (Flyball, 9)
Batting: RHB Mareka Naidoo 0-0: Ball
1-0: Foul Ball, location: 2F
1-1: Fly out, F8 (Flyball, 8LXD)
Batting: LHB Sting Ray Robb 0-0: Fly out, F4 (Popup, 23)
Top of the 4th over - 0 runs, 0 hits, 0 errors, 0 left on base; Lannister United 0 - Phoenix Hotspur 1
BOTTOM OF THE 4TH
Phoenix Hotspur Youth batting - Pitching for Lannister United Lionhearts : RHP Joe Pruitt
Batting: LHB Corey Ferguson 0-0: Called Strike
0-1: Ball
1-1: Foul Ball, location: 2F
1-2: Foul Ball, location: 2F
1-2: Foul Ball, location: 2F
1-2: Ball
2-2: Ground out 1-3 (Groundball, 15)
Batting: RHB Carl Tucker 0-0: Foul Ball, location: 2F
0-1: Swinging Strike
0-2: Ball
1-2: Foul Ball, location: 2F
1-2: Ball
2-2: Ball
3-2: Foul Ball, location: 2F
3-2: Ground out 4-3 (Groundball, 4M)
Batting: RHB Bernardo Rivera 0-0: Called Strike
0-1: Ball
1-1: Ground out 6-3 (Groundball, 6)
Bottom of the 4th over - 0 runs, 0 hits, 0 errors, 0 left on base; Lannister United 0 - Phoenix Hotspur 1
TOP OF THE 5TH
Lannister United Lionhearts batting - Pitching for Phoenix Hotspur Youth : RHP Morris Prinkey
Batting: RHB Carlos Pacheco 0-0: Ground out 6-3 (Groundball, 56)
Batting: RHB Breanainn Swartwood 0-0: Foul Ball, location: 2F
0-1: Ball
1-1: Foul Ball, location: 2F
1-2: Foul Ball, location: 2F
1-2: Foul Ball, location: 2F
1-2: Strikes out swinging
Batting: RHB José García 0-0: Ball
1-0: Ball
2-0: Called Strike
2-1: Foul Ball, location: 2F
2-2: Foul Ball, location: 2F
2-2: Ball
3-2: SINGLE (Line Drive, 56)
Batting: RHB Howard Barton 0-0: Fielders Choice at 2nd, 5-4 (Groundball, 5)
Top of the 5th over - 0 runs, 1 hit, 0 errors, 1 left on base; Lannister United 0 - Phoenix Hotspur 1
BOTTOM OF THE 5TH
Phoenix Hotspur Youth batting - Pitching for Lannister United Lionhearts : RHP Joe Pruitt
Batting: RHB Germán Alfaro 0-0: Called Strike
0-1: Called Strike
0-2: Foul Ball, location: 2F
0-2: Strikes out swinging
Batting: LHB Kenny Scott 0-0: Ball
1-0: Ball
2-0: Ball
3-0: Called Strike
3-1: Base on Balls
Batting: RHB Eric Conway 0-0: Ball
1-0: Foul Ball, location: 2F
1-1: Ball
2-1: Ground out 4-3 (Groundball, 4S)
Kenny Scott to second
Batting: LHB António Escalante 0-0: Ball
1-0: Ball
2-0: Ball
3-0: Called Strike
3-1: Foul Ball, location: 2F
3-2: Base on Balls
Batting: RHB James Turner 0-0: Called Strike
0-1: Foul Ball, location: 2F
0-2: Ball
1-2: Ball
2-2: Fielders Choice at 2nd, 6-4 (Groundball, 6D)
Bottom of the 5th over - 0 runs, 0 hits, 0 errors, 2 left on base; Lannister United 0 - Phoenix Hotspur 1
TOP OF THE 6TH
Lannister United Lionhearts batting - Pitching for Phoenix Hotspur Youth : RHP Morris Prinkey
Batting: LHB Ashley Thachi 0-0: Ball
1-0: Ball
2-0: Foul Ball, location: 2F
2-1: Ball
3-1: Base on Balls
Batting: LHB Ramón García 0-0: Bunted foul
0-1: Reached on error, E5 (Groundball, 5S)
Ashley Thachi to second
Batting: LHB Juan Macíel 0-0: Called Strike
0-1: Swinging Strike
0-2: SINGLE (Flyball, 78S)
Ashley Thachi to third
Ramón García to second
Batting: RHB Mareka Naidoo 0-0: Called Strike
0-1: Swinging Strike
0-2: GRAND SLAM HOME RUN (Flyball, 9LD), Distance : 345 ft
Batting: LHB Sting Ray Robb 0-0: Swinging Strike
0-1: Fly out, F6 (Popup, 6MD)
Batting: RHB Carlos Pacheco 0-0: Called Strike
0-1: Called Strike
0-2: Ball
1-2: Foul Ball, location: 2F
1-2: SINGLE (Line Drive, 4M)
Batting: RHB Breanainn Swartwood 0-0: Called Strike
0-1: Ball
1-1: Foul Ball, location: 2F
1-2: Ball
2-2: Ground out 5-3 (Groundball, 56S)
Carlos Pacheco to second
Batting: RHB José García 0-0: Ball
1-0: Called Strike
1-1: Foul Ball, location: 2F
1-2: Ball
2-2: Strikes out swinging
Top of the 6th over - 4 runs, 3 hits, 1 error, 1 left on base; Lannister United 4 - Phoenix Hotspur 1
BOTTOM OF THE 6TH
Phoenix Hotspur Youth batting - Pitching for Lannister United Lionhearts : RHP Joe Pruitt
Batting: RHB Solomon Norment 0-0: Swinging Strike
0-1: Called Strike
0-2: Ball
1-2: Foul Ball, location: 2F
1-2: Ball
2-2: Foul Ball, location: 2F
2-2: Ball
3-2: Fly out, F7 (Flyball, 78D)
Batting: LHB Corey Ferguson 0-0: Foul Ball, location: 2F
0-1: Foul Ball, location: 2F
0-2: Ball
1-2: SINGLE (Groundball, 4MD)
Batting: RHB Carl Tucker 0-0: Ball
1-0: Ball
2-0: Foul Ball, location: 2F
2-1: Foul Ball, location: 2F
2-2: Ball
3-2: SINGLE (Groundball, 34D)
Corey Ferguson to second
Throwing error, E9
Corey Ferguson scores
Carl Tucker to second
Batting: RHB Bernardo Rivera 0-0: SINGLE (Line Drive, 89S)
Carl Tucker to third
Runner from 3rd tries for Home, SAFE, no throw
Batting: RHB Germán Alfaro 0-0: Called Strike
0-1: Ball
1-1: DOUBLE (Line Drive, 7LM)
Bernardo Rivera to third
Batting: LHB Kenny Scott 0-0: Ground out 4-3 (Groundball, 4M)
Pitching: RHP Ramiro Flores
Batting: RHB Eric Conway 0-0: Ball
1-0: Swinging Strike
1-1: Ball
Passed Ball!
Bernardo Rivera scores
Germán Alfaro to third
2-1: Swinging Strike
2-2: SINGLE (Line Drive, 78M)
Germán Alfaro scores
Batting: LHB António Escalante 0-0: Foul Ball, location: 2F
0-1: Called Strike
0-2: Ball
1-2: Ball
2-2: Foul Ball, location: 2F
2-2: SINGLE (Groundball, 4D)
Eric Conway to second
Runner from 2nd tries for 3rd, SAFE, no throw
Batting: RHB James Turner Pickoff Throw to First - Out!
Bottom of the 6th over - 4 runs, 6 hits, 1 error, 1 left on base; Lannister United 4 - Phoenix Hotspur 5
TOP OF THE 7TH
Lannister United Lionhearts batting - Pitching for Phoenix Hotspur Youth : RHP Morris Prinkey
Batting: RHB Howard Barton 0-0: SINGLE (Groundball, 56D)
Batting: LHB Ashley Thachi 0-0: Ball
1-0: Sac Bunt - play at first, batter OUT! 1-4
Howard Barton to second
Batting: LHB Ramón García 0-0: Ball
1-0: Called Strike
1-1: TRIPLE (Flyball, 8RXD)
Howard Barton scores
Batting: LHB Juan Macíel 0-0: Ball
1-0: Ball
2-0: Ground out 5-3 (Groundball, 2L)
Batting: RHB Mareka Naidoo 0-0: Foul Ball, location: 2F
0-1: Called Strike
0-2: Ball
1-2: Strikes out swinging
Top of the 7th over - 1 run, 2 hits, 0 errors, 1 left on base; Lannister United 5 - Phoenix Hotspur 5
BOTTOM OF THE 7TH
Phoenix Hotspur Youth batting - Pitching for Lannister United Lionhearts : RHP Ramiro Flores
Batting: RHB James Turner 0-0: Ball
1-0: Foul Ball, location: 2F
1-1: Swinging Strike
1-2: Ball
2-2: Ball
3-2: Foul Ball, location: 2F
3-2: Fly out, F8 (Flyball, 8RD)
Batting: RHB Solomon Norment 0-0: Foul Ball, location: 2F
0-1: Foul Ball, location: 2F
0-2: Ball
1-2: Strikes out swinging
Batting: LHB Corey Ferguson 0-0: Ball
1-0: SINGLE (Flyball, 8RS)
Batting: RHB Carl Tucker 0-0: Called Strike
0-1: Called Strike
0-2: Foul Ball, location: 2F
0-2: Foul Ball, location: 2F
0-2: Ball
1-2: Strikes out swinging
Bottom of the 7th over - 0 runs, 1 hit, 0 errors, 1 left on base; Lannister United 5 - Phoenix Hotspur 5
TOP OF THE 8TH
Lannister United Lionhearts batting - Pitching for Phoenix Hotspur Youth : RHP Morris Prinkey
Batting: LHB Sting Ray Robb 0-0: Called Strike
0-1: Ground out 4-3 (Groundball, 4D)
Batting: RHB Carlos Pacheco 0-0: Swinging Strike
0-1: Ground out 5-3 (Groundball, 56)
Pinch Hitting: SHB Barney Heise 0-0: Ball
1-0: Foul Ball, location: 2F
1-1: Ball
2-1: DOUBLE (Flyball, 78XD)
Batting: RHB José García 0-0: Ball
1-0: Swinging Strike
1-1: Ball
2-1: Foul Ball, location: 2F
2-2: Ball
3-2: Base on Balls
Pitching: LHP Cobus Reijnen
Batting: RHB Howard Barton 0-0: Foul Ball, location: 2F
0-1: Called Strike
0-2: Ball
1-2: Ball
2-2: Strikes out looking
Top of the 8th over - 0 runs, 1 hit, 0 errors, 2 left on base; Lannister United 5 - Phoenix Hotspur 5
BOTTOM OF THE 8TH
Phoenix Hotspur Youth batting - Pitching for Lannister United Lionhearts : RHP Ramiro Flores
Now at 2B: Barney Heise
Batting: RHB Bernardo Rivera 0-0: Called Strike
0-1: Foul Ball, location: 2F
0-2: Ball
1-2: Strikes out swinging
Batting: RHB Germán Alfaro 0-0: Foul Ball, location: 2F
0-1: Called Strike
0-2: Strikes out swinging
Batting: LHB Kenny Scott 0-0: SINGLE (Groundball, 56D)
Batting: RHB Eric Conway 0-0: Ball
1-0: 2-RUN HOME RUN (Flyball, 7LD), Distance : 363 ft
Pitching: LHP Won-min Yi
Batting: LHB António Escalante 0-0: SINGLE (Groundball, 34D)
Batting: RHB James Turner 0-0: Called Strike
0-1: Foul Ball, location: 2F
0-2: Strikes out swinging
Bottom of the 8th over - 2 runs, 3 hits, 0 errors, 1 left on base; Lannister United 5 - Phoenix Hotspur 7
TOP OF THE 9TH
Lannister United Lionhearts batting - Pitching for Phoenix Hotspur Youth : LHP Cobus Reijnen
Batting: LHB Ashley Thachi 0-0: Called Strike
0-1: Ground out 4-3 (Groundball, 4M)
Batting: LHB Ramón García 0-0: Called Strike
0-1: Foul Ball, location: 2F
0-2: Ball
1-2: Ball
2-2: Strikes out swinging
Batting: LHB Juan Macíel 0-0: Ball
1-0: Ball
2-0: Ball
3-0: Called Strike
3-1: Foul Ball, location: 2F
3-2: Strikes out swinging
Top of the 9th over - 0 runs, 0 hits, 0 errors, 0 left on base; Lannister United 5 - Phoenix Hotspur 7
Tuesday, December 19th, 2017 - OOTP Baseball 18.8 Build 76